Thunder vs Inferno

Created - February 20, 2018 at 19:41

Goals
1 2 3 T
Thunder 1 5 1 7
Inferno 6 2 1 9
Shots
1 2 3 T
Thunder 17 11 5 33
Inferno 14 10 16 40

1st period

1. Inferno , Tanner Pearson 12 (Mathieu Brodeur 11) at 3:58
2. Inferno , Bryan Rust 7 (Cal O'Reilly 18, Matt Kassian 17) at 6:01
3. Thunder , Cam Atkinson 29 (Jay Beagle 14, Dany Roussin 38) at 6:39 (PP)
4. Inferno , Colby Robak 10 (Anders Lee 30, David Ullstrom 46) at 12:16
5. Inferno , Victor Rask 2 (Esa Lindell 15, Simon Danis-Pepin 7) at 14:14
6. Inferno , Cal O'Reilly 23 (David Ullstrom 47, Simon Danis-Pepin 8) at 16:20
7. Inferno , Tanner Pearson 13 (Esa Lindell 16, David Ullstrom 48) at 17:56

Penalties :
Cal O'Reilly (Anc) for Holding (Minor) at 6:23, Joey Ryan (TRO) for Interference (Minor) at 14:23, Anders Lee (Anc) for Roughing (Minor) at 14:26, Simon Danis-Pepin (Anc) for High sticking (Minor) at 18:21

2nd period

8. Thunder , Cam Atkinson 30 (Jay Beagle 15, Dany Roussin 39) at 0:14 (PP)
9. Inferno , David Ullstrom 23 (Vladimir Zharkov 44) at 5:35
10. Thunder , Scott Parse 22 (Adam Hall 27, Daultan Leveillé 35) at 6:11
11. Thunder , Brandon Saad 11 (Thomas Spelling 8, David Fischer 36) at 11:50
12. Thunder , David Fischer 7 (Mike Hoffman 16) at 12:57
13. Inferno , Victor Rask 3 (Esa Lindell 17, Colby Robak 26) at 17:18
14. Thunder , Thomas Spelling 6 (Nikolay Prokhorkin 1, Peter Andersson 3) at 19:43

Penalties :
Simon Danis-Pepin (Anc) for Holding (Minor) at 1:29, Sami Vatanen (Anc) for Boarding (Minor) at 17:41

3rd period

15. Inferno , Sami Vatanen 9 (Philip Varone 7, Bryan Rust 6) at 10:34 (PP)
16. Thunder , Cam Atkinson 31 (Dany Roussin 40, Brandon Saad 16) at 16:59

Penalties :
Peter Andersson (TRO) for Hooking (Minor) at 7:14, Daultan Leveillé (TRO) for Hooking (Minor) at 9:49, David Ullstrom (Anc) for Holding (Minor) at 18:12

Goalie Stats

Devan Dubnyk (TRO), 9 saves from 13 shots - (0.692), L, 9-17-4, 23:04 minutes
Jake Allen (TRO), 22 saves from 27 shots - (0.815), 36:56 minutes
Michael Hutchinson (Anc), 26 saves from 33 shots - (0.788), W, 19-12-2, 60:00 minutes

Players Stats for Thunder

Player Name              G  A  P  +/- PIM S  H  SB GA TA FO     MP     PP MP  PK MP  
------------------------------------------------------------------------------------
Adam Hall                0  1  1  -1  0   5  1  0  2  0  0/0    18:12   3:20   0:15 
Austin Wuthrich          0  0  0   0  0   0  0  0  0  0  0/0     0:00   0:00   0:00 
Brandon Saad             1  1  2   0  0   1  0  0  1  0  0/0     6:38   0:00   0:00 
Cam Atkinson             3  0  3  -1  0   9  1  1  0  0  7/12   24:20   4:24   1:54 
Dany Roussin             0  3  3  -1  0   1  1  0  1  0  6/7    24:20   4:24   1:54 
Daultan Leveillé         0  1  1  -1  2   1  2  1  2  1  6/14   17:23   3:20   0:00 
David Fischer            1  1  2  -3  0   1  1  3  0  0  0/0    28:34   5:07   1:43 
David Wolf               0  0  0   1  0   0  0  0  0  0  0/0     0:35   0:13   0:00 
Gianluca Curcuruto       0  0  0   1  0   0  0  0  0  0  0/0    11:55   0:00   1:07 
Jared Staal              0  0  0  -2  0   0  0  0  0  1  0/0     9:37   0:00   0:00 
Jay Beagle               0  2  2   0  0   1  4  1  0  0  15/31  20:15   4:21   0:00 
Joe Labate               0  0  0   0  0   0  0  0  0  0  1/3     6:38   0:00   0:00 
Joey Ryan                0  0  0  -2  2   2  1  4  0  2  0/0    27:32   5:07   1:40 
Mike Hoffman             0  1  1  -2  0   1  3  0  0  0  1/1    10:15   0:00   0:38 
Mikko Vainonen           0  0  0   0  0   0  0  0  0  0  0/0    12:39   0:03   0:00 
Nikolay Prokhorkin       0  1  1   1  0   1  0  0  0  0  0/0     0:35   0:13   0:00 
Peter Andersson          0  1  1  -1  2   0  1  1  0  1  0/0    19:47   2:50   0:00 
Ryan Nugent-Hopkins      0  0  0  -2  0   0  0  0  0  0  0/6     9:37   0:00   0:00 
Scott Parse              1  0  1  -1  0   6  1  1  2  0  1/1    18:12   3:20   0:15 
Thomas Spelling          1  1  2   1  0   2  0  0  0  0  1/1     6:54   0:13   0:00 
Zach Redmond             0  0  0  -1  0   2  2  1  0  0  0/0    20:38   2:50   1:04 
Zach Stepan              0  0  0   0  0   0  0  0  0  0  0/0     0:38   0:00   0:38 

Players Stats for Inferno

Player Name              G  A  P  +/- PIM S  H  SB GA TA FO     MP     PP MP  PK MP  
------------------------------------------------------------------------------------
Anders Lee               0  1  1  -1  2   4  1  1  1  2  15/33  20:16   1:18   1:51 
Bryan Rust               1  1  2   1  0   2  2  1  0  0  3/3    17:58   1:28   1:40 
Cal O'Reilly             1  1  2   1  2   2  1  0  1  0  8/19   17:45   0:00   4:16 
Christian Folin          0  0  0  -2  0   1  1  1  0  0  0/0    19:11   0:47   3:01 
Colby Robak              1  1  2   0  0   4  3  1  0  0  0/0    28:19   2:00   4:56 
David Ullstrom           1  3  4  -1  2   7  1  3  0  0  1/1    21:21   1:19   3:37 
Esa Lindell              0  3  3   4  0   2  0  0  0  1  0/0    10:01   0:00   0:00 
Greg Pateryn             0  0  0   3  0   2  1  1  0  0  0/0    14:18   0:47   3:01 
Mathieu Brodeur          0  1  1   5  0   2  0  2  0  0  0/0    17:23   0:00   4:53 
Matt Kassian             0  1  1   1  0   1  1  0  1  0  1/2    13:05   0:00   0:07 
Matthew Nieto            0  0  0  -1  0   1  0  0  1  0  0/0     9:46   0:00   1:47 
Philip Varone            0  1  1  -1  0   1  0  0  0  0  3/4    10:52   1:28   1:47 
Sami Vatanen             1  0  1  -1  2   4  1  1  0  1  0/0    23:28   2:00   0:03 
Simon Danis-Pepin        0  2  2   0  4   0  4  1  0  1  0/0    17:44   0:00   0:00 
Tanner Pearson           2  0  2   4  0   3  1  0  1  2  1/3    14:03   1:28   0:49 
Tyler Shattock           0  0  0  -1  0   0  0  0  0  0  0/0     6:48   0:00   0:00 
Victor Rask              2  0  2   4  0   4  2  0  0  0  5/10   11:40   1:19   0:00 
Vladimir Zharkov         0  1  1  -1  0   0  3  0  0  1  1/1    16:03   0:00   0:00 

3 Stars

1 - Victor Rask (Anc)
2 - Tanner Pearson (Anc)
3 - Cam Atkinson (TRO)

Power Play

Thunder - 2 on 6 Attempt(s) - 33.33%
Inferno - 1 on 3 Attempt(s) - 33.33%

Penalty Kill

Thunder - 2 on 3 Attempt(s) - 66.67% - Score 0 goal in Penalty Kill
Inferno - 4 on 6 Attempt(s) - 66.67% - Score 0 goal in Penalty Kill

Team Stat

Thunder - Hits : 18 - Faceoff Wins : 38 - Blocked Shots : 13 - Penalty Minutes : 6
Inferno - Hits : 22 - Faceoff Wins : 38 - Blocked Shots : 12 - Penalty Minutes : 12

Official

Referees : Auger Stephane and Rooney Chris
Linesman : Dan Schachte and Thor Nelson

Game Notes

Devan Dubnyk enters game at 14:14 of 1st period
Jake Allen enters game at 17:18 of 2nd period
Cam Atkinson has scored a Hat Trick!

Finance

Level 1 -- Attendance: 1609 (80.45%) -- Ticket Income $64,360
Level 2 -- Attendance: 787 (78.70%) -- Ticket Income $15,740
Total Attendance: 2396 (79.87%)
Total Ticket Income: $80,100
Other Income: $4,005
Total Income: $84,105

Thunder

5 vs 5 Forward 
   Center                   Left Wing                Right Wing               Time % Phy DF OF 
 1 Jay Beagle               Dany Roussin             Cam Atkinson             40     1   2  2  
 2 Daultan Leveillé         Scott Parse              Adam Hall                30     1   2  2  
 3 Ryan Nugent-Hopkins      Mike Hoffman             Jared Staal              20     1   2  2  
 4 Joe Labate               Brandon Saad             Thomas Spelling          10     1   2  2  

5 vs 5 Defense 
   Defense                  Defense                                           Time % Phy DF OF 
 1 David Fischer            Joey Ryan                                         40     1   2  2  
 2 Zach Redmond             Peter Andersson                                   30     1   2  2  
 3 Mikko Vainonen           Gianluca Curcuruto                                20     1   2  2  
 4 David Fischer            Joey Ryan                                         10     1   2  2  

PowerPlay Forward 
   Center                   Left Wing                Right Wing               Time % Phy DF OF 
 1 Jay Beagle               Dany Roussin             Cam Atkinson             60     1   2  2  
 2 Daultan Leveillé         Scott Parse              Adam Hall                40     1   2  2  

PowerPlay Defense
   Defense                  Defense                                           Time % Phy DF OF 
 1 David Fischer            Joey Ryan                                         60     1   2  2  
 2 Zach Redmond             Peter Andersson                                   40     1   2  2  

Penalty Kill 4 Players Forward 
   Center                   Wing                     Time % Phy DF OF 
 1 Cam Atkinson             Dany Roussin             60     1   2  2  
 2 Scott Parse              Adam Hall                40     1   2  2  

Penalty Kill 4 Players Defense
   Defense                  Defense                  Time % Phy DF OF 
 1 David Fischer            Joey Ryan                60     1   2  2  
 2 Zach Redmond             Peter Andersson          40     1   2  2  

Penalty Kill - 3 Players Forward 
   Forward                                           Time % Phy DF OF 
 1 Cam Atkinson                                      60     1   2  2  
 2 Dany Roussin                                      40     1   2  2  

Penalty Kill - 3 Players Defense
   Defense                  Defense                  Time % Phy DF OF 
 1 David Fischer            Joey Ryan                60     1   2  2  
 2 Zach Redmond             Peter Andersson          40     1   2  2  

4 vs 4 Forward 
   Center                   Wing                     Time % Phy DF OF 
 1 Cam Atkinson             Dany Roussin             60     1   2  2  
 2 Scott Parse              Adam Hall                40     1   2  2  

4 vs 4 Defense
   Defense                  Defense                  Time % Phy DF OF 
 1 David Fischer            Joey Ryan                60     1   2  2  
 2 Zach Redmond             Peter Andersson          40     1   2  2  

Last Minutes Offensive
   Center                   Left Wing                Right Wing               Defense                  Defense                  
   Jay Beagle               Dany Roussin             Cam Atkinson             David Fischer            Joey Ryan                

Last Minutes Defensive
   Center                   Left Wing                Right Wing               Defense                  Defense                  
   Jay Beagle               Dany Roussin             Cam Atkinson             David Fischer            Joey Ryan                

Goaltenders
Starting : Jake Allen               
Backup : Devan Dubnyk             

Extra Forwards
Normal : David Wolf, Nikolay Prokhorkin, Zach Stepan - PP : David Wolf, Nikolay Prokhorkin - PK : Zach Stepan
Extra Defensemen
Normal : Mikko Vainonen, Gianluca Curcuruto, Zach Redmond - PP : Mikko Vainonen - PK : Gianluca Curcuruto, Zach Redmond
Penalty Shots
Cam Atkinson, Dany Roussin, Scott Parse, Adam Hall, Jay Beagle

Scratches
Connor Hellebyuk (Healthy), Niklas Treutle (Healthy)

Inferno

5 vs 5 Forward 
   Center                   Left Wing                Right Wing               Time % Phy DF OF 
 1 Anders Lee               David Ullstrom           Vladimir Zharkov         40     1   2  2  
 2 Cal O'Reilly             Matt Kassian             Bryan Rust               30     1   2  2  
 3 Victor Rask              Tanner Pearson           Esa Lindell              20     1   2  2  
 4 Philip Varone            Matthew Nieto            Tyler Shattock           10     1   2  2  

5 vs 5 Defense 
   Defense                  Defense                                           Time % Phy DF OF 
 1 Colby Robak              Sami Vatanen                                      40     1   2  2  
 2 Simon Danis-Pepin        Christian Folin                                   30     1   2  2  
 3 Greg Pateryn             Mathieu Brodeur                                   20     1   2  2  
 4 Simon Danis-Pepin        Mathieu Brodeur                                   10     1   2  2  

PowerPlay Forward 
   Center                   Left Wing                Right Wing               Time % Phy DF OF 
 1 Anders Lee               David Ullstrom           Victor Rask              60     1   2  2  
 2 Philip Varone            Tanner Pearson           Bryan Rust               40     1   2  2  

PowerPlay Defense
   Defense                  Defense                                           Time % Phy DF OF 
 1 Colby Robak              Sami Vatanen                                      60     1   2  2  
 2 Greg Pateryn             Christian Folin                                   40     1   2  2  

Penalty Kill 4 Players Forward 
   Center                   Wing                     Time % Phy DF OF 
 1 Cal O'Reilly             David Ullstrom           60     1   2  2  
 2 Philip Varone            Bryan Rust               40     1   2  2  

Penalty Kill 4 Players Defense
   Defense                  Defense                  Time % Phy DF OF 
 1 Colby Robak              Mathieu Brodeur          60     1   2  2  
 2 Greg Pateryn             Christian Folin          40     1   2  2  

Penalty Kill - 3 Players Forward 
   Forward                                           Time % Phy DF OF 
 1 Vladimir Zharkov                                  60     1   2  2  
 2 David Ullstrom                                    40     1   2  2  

Penalty Kill - 3 Players Defense
   Defense                  Defense                  Time % Phy DF OF 
 1 Colby Robak              Mathieu Brodeur          60     1   2  2  
 2 Greg Pateryn             Christian Folin          40     1   2  2  

4 vs 4 Forward 
   Center                   Wing                     Time % Phy DF OF 
 1 Anders Lee               Bryan Rust               60     1   2  2  
 2 Cal O'Reilly             David Ullstrom           40     1   2  2  

4 vs 4 Defense
   Defense                  Defense                  Time % Phy DF OF 
 1 Colby Robak              Sami Vatanen             60     1   2  2  
 2 Simon Danis-Pepin        Christian Folin          40     1   2  2  

Last Minutes Offensive
   Center                   Left Wing                Right Wing               Defense                  Defense                  
   Anders Lee               David Ullstrom           Victor Rask              Colby Robak              Sami Vatanen             

Last Minutes Defensive
   Center                   Left Wing                Right Wing               Defense                  Defense                  
   Cal O'Reilly             David Ullstrom           Bryan Rust               Colby Robak              Sami Vatanen             

Goaltenders
Starting : Michael Hutchinson       
Backup : Christopher Gibson       

Extra Forwards
Normal : Tanner Pearson, Anders Lee, Bryan Rust - PP : Bryan Rust, Cal O'Reilly - PK : David Ullstrom
Extra Defensemen
Normal : Greg Pateryn, Esa Lindell, Christian Folin - PP : Christian Folin - PK : Greg Pateryn, Sami Vatanen
Penalty Shots
Anders Lee, Vladimir Zharkov, Tanner Pearson, Bryan Rust, Matt Kassian

Scratches
Chris Brown (Healthy), Frank Corrado (Healthy), Ryan Spooner (Healthy), Kyle Palmieri (Broken Left Index Finger Injury), Joakim Nordstrom (Healthy)
David Savard (Fractured Bone in Left Hand Injury), Trevor Carrick (Healthy), Petteri Lindbohm (Healthy), Daniil Tarasov (Healthy), Branden Troock (Healthy)
Luca Sbisa (Healthy), Nathan Lieuwen (Healthy)

% Time on Ice - Thunder

Lines # - Real PCT - Wanted PCT - Time Play
Normal Forward
1 - 36% - 40% - 17:01
2 - 30% - 30% - 14:04
3 - 20% - 20% - 9:37
4 - 14% - 10% - 6:38
Normal Defense
1 - 39% - 40% - 18:37
2 - 33% - 30% - 15:46
3 - 23% - 20% - 10:48
4 - 5% - 10% - 2:09
PP Forward
1 - 58% - 60% - 4:37
2 - 42% - 40% - 3:20
PP Defense
1 - 64% - 60% - 5:07
2 - 36% - 40% - 2:50
PK Forward
1 - 91% - 60% - 2:32
2 - 9% - 40% - 0:15
PK Defense
1 - 62% - 60% - 1:43
2 - 38% - 40% - 1:04
PK3 Forward
1 - 0% - 60%
2 - 0% - 40%
PK3 Defense
1 - 0% - 60%
2 - 0% - 40%
44 Forward
1 - 72% - 60% - 1:23
2 - 28% - 40% - 0:33
44 Defense
1 - 50% - 60% - 0:58
2 - 50% - 40% - 0:58
Last Minute Offensive  - 0:00
Last Minute Defensive  - 0:00
Total
Forward - 60:00
Defense - 60:00

% Time on Ice - Inferno

Lines # - Real PCT - Wanted PCT - Time Play
Normal Forward
1 - 37% - 40% - 17:33
2 - 27% - 30% - 12:58
3 - 21% - 20% - 10:01
4 - 14% - 10% - 6:48
Normal Defense
1 - 43% - 40% - 20:08
2 - 31% - 30% - 14:42
3 - 21% - 20% - 9:47
4 - 6% - 10% - 2:43
PP Forward
1 - 47% - 60% - 1:19
2 - 53% - 40% - 1:28
PP Defense
1 - 72% - 60% - 2:00
2 - 28% - 40% - 0:47
PK Forward
1 - 80% - 60% - 6:20
2 - 20% - 40% - 1:37
PK Defense
1 - 62% - 60% - 4:56
2 - 38% - 40% - 3:01
PK3 Forward
1 - 0% - 60%
2 - 0% - 40%
PK3 Defense
1 - 0% - 60%
2 - 0% - 40%
44 Forward
1 - 95% - 60% - 1:50
2 - 5% - 40% - 0:06
44 Defense
1 - 65% - 60% - 1:15
2 - 35% - 40% - 0:41
Last Minute Offensive  - 0:00
Last Minute Defensive  - 0:00
Total
Forward - 60:00
Defense - 60:00

Play by Play

1st period


0:01 of 1st period - Anders Lee wins face-off versus Jay Beagle in neutral zone.
2:07 of 1st period - Wrist shot by Vladimir Zharkov.
2:07 of 1st period - Deflect By Anders Lee.
2:07 of 1st period - Shot Misses the Net.
2:07 of 1st period - Puck is out of play.
2:08 of 1st period - Daultan Leveillé wins face-off versus Cal O'Reilly in Thunder zone.
2:37 of 1st period - Snap shot by Matthew Nieto.
2:37 of 1st period - Shot Blocked by Daultan Leveillé.
2:45 of 1st period - Wrist shot by Scott Parse.
2:45 of 1st period - Shot Misses the Net.
2:47 of 1st period - Snap shot by Daultan Leveillé.
2:47 of 1st period - Deflect By Scott Parse.
2:47 of 1st period - Stopped by Michael Hutchinson with a rebound.
2:49 of 1st period - Wrist shot by Adam Hall.
2:49 of 1st period - Stopped by Michael Hutchinson with a rebound.
2:51 of 1st period - Snap shot by Daultan Leveillé.
2:51 of 1st period - Stopped by Michael Hutchinson with a rebound.
2:57 of 1st period - Wrist shot by Daultan Leveillé.
2:57 of 1st period - Shot Misses the Net.
2:59 of 1st period - Wrist shot by Daultan Leveillé.
2:59 of 1st period - Shot Misses the Net.
3:01 of 1st period - Snap shot by Daultan Leveillé.
3:01 of 1st period - Deflect By Greg Pateryn.
3:01 of 1st period - Shot Misses the Net.
3:01 of 1st period - Puck is out of play.
3:02 of 1st period - Anders Lee wins face-off versus Jay Beagle in Inferno zone.
3:15 of 1st period - David Ullstrom is hit by Dany Roussin and loses puck.
3:39 of 1st period - Snap shot by Cal O'Reilly.
3:39 of 1st period - Shot Blocked by David Fischer.
3:58 of 1st period - Wrist shot by Tanner Pearson.
3:58 of 1st period - Goal by Tanner Pearson - Thunder : 0 - Inferno : 1.
3:59 of 1st period - Cam Atkinson wins face-off versus Anders Lee in neutral zone.
4:12 of 1st period - Slapshot by Anders Lee.
4:12 of 1st period - Stopped by Jake Allen without a rebound.
4:13 of 1st period - Jay Beagle wins face-off versus Cal O'Reilly in Thunder zone.
4:39 of 1st period - David Fischer is hit by Colby Robak and loses puck.
4:45 of 1st period - Icing by Daultan Leveillé.
4:46 of 1st period - Vladimir Zharkov wins face-off versus Daultan Leveillé in Thunder zone.
4:55 of 1st period - Wrist shot by Adam Hall.
4:55 of 1st period - Shot Misses the Net.
5:20 of 1st period - Snap shot by Scott Parse.
5:20 of 1st period - Shot Blocked by Mathieu Brodeur.
5:22 of 1st period - Slapshot by Adam Hall.
5:22 of 1st period - Shot Misses the Net.
5:37 of 1st period - Wrist shot by Daultan Leveillé.
5:37 of 1st period - Shot Blocked by David Ullstrom.
5:39 of 1st period - Backhand shot by Zach Redmond.
5:39 of 1st period - Deflect By Simon Danis-Pepin.
5:39 of 1st period - Stopped by Michael Hutchinson without a rebound.
5:40 of 1st period - Jay Beagle wins face-off versus Victor Rask in Inferno zone.
5:43 of 1st period - Wrist shot by Cam Atkinson.
5:43 of 1st period - Stopped by Michael Hutchinson without a rebound.
5:44 of 1st period - Jay Beagle wins face-off versus Victor Rask in Inferno zone.
5:47 of 1st period - Snap shot by Cam Atkinson.
5:47 of 1st period - Stopped by Michael Hutchinson with a rebound.
5:51 of 1st period - Slapshot by Cam Atkinson.
5:51 of 1st period - Stopped by Michael Hutchinson with a rebound.
5:53 of 1st period - Wrist shot by Dany Roussin.
5:53 of 1st period - Stopped by Michael Hutchinson without a rebound.
5:54 of 1st period - Matt Kassian wins face-off versus Jay Beagle in Inferno zone.
6:01 of 1st period - Snap shot by Cal O'Reilly.
6:01 of 1st period - Deflect By Bryan Rust.
6:01 of 1st period - Goal by Bryan Rust - Thunder : 0 - Inferno : 2.
6:02 of 1st period - Cal O'Reilly wins face-off versus Jay Beagle in neutral zone.
6:23 of 1st period - Minor Penalty to Cal O'Reilly for Holding.
6:24 of 1st period - David Ullstrom wins face-off versus Jay Beagle in Inferno zone.
6:37 of 1st period - Wrist shot by Cam Atkinson.
6:37 of 1st period - Shot Blocked by David Ullstrom.
6:39 of 1st period - Wrist shot by Cam Atkinson.
6:39 of 1st period - Goal by Cam Atkinson - Thunder : 1 - Inferno : 2.
6:40 of 1st period - Victor Rask wins face-off versus Ryan Nugent-Hopkins in neutral zone.
6:45 of 1st period - Wrist shot by Esa Lindell.
6:45 of 1st period - Stopped by Jake Allen with a rebound.
7:14 of 1st period - Bryan Rust is hit by Jay Beagle and loses puck.
7:36 of 1st period - Off-side.
7:37 of 1st period - Jay Beagle wins face-off versus Victor Rask in neutral zone.
8:11 of 1st period - Wrist shot by Mike Hoffman.
8:11 of 1st period - Stopped by Michael Hutchinson with a rebound.
8:13 of 1st period - Slapshot by Joey Ryan.
8:13 of 1st period - Stopped by Michael Hutchinson without a rebound.
8:14 of 1st period - Cal O'Reilly wins face-off versus Joe Labate in Inferno zone.
8:36 of 1st period - Icing by Matt Kassian.
8:37 of 1st period - Anders Lee wins face-off versus Jay Beagle in Inferno zone.
9:32 of 1st period - Slapshot by Christian Folin.
9:32 of 1st period - Shot Misses the Net.
10:13 of 1st period - Mathieu Brodeur is hit by Cam Atkinson and loses puck.
11:01 of 1st period - Backhand shot by Matthew Nieto.
11:01 of 1st period - Deflect By Zach Redmond.
11:01 of 1st period - Stopped by Jake Allen without a rebound.
11:02 of 1st period - Jay Beagle wins face-off versus Anders Lee in Thunder zone.
11:13 of 1st period - Snap shot by Jay Beagle.
11:13 of 1st period - Stopped by Michael Hutchinson without a rebound.
11:14 of 1st period - Dany Roussin wins face-off versus Anders Lee in Inferno zone.
11:15 of 1st period - Wrist shot by Cam Atkinson.
11:15 of 1st period - Deflect By Dany Roussin.
11:15 of 1st period - Shot Blocked by Simon Danis-Pepin.
11:15 of 1st period - Puck is out of play.
11:16 of 1st period - Anders Lee wins face-off versus Jay Beagle in Inferno zone.
11:21 of 1st period - Backhand shot by Vladimir Zharkov.
11:21 of 1st period - Shot Blocked by Jay Beagle.
11:23 of 1st period - Slapshot by Anders Lee.
11:23 of 1st period - Stopped by Jake Allen with a rebound.
11:25 of 1st period - Snap shot by Simon Danis-Pepin.
11:25 of 1st period - Shot Blocked by Cam Atkinson.
11:27 of 1st period - Wrist shot by Anders Lee.
11:27 of 1st period - Stopped by Jake Allen without a rebound.
11:28 of 1st period - Cal O'Reilly wins face-off versus Jay Beagle in Thunder zone.
11:57 of 1st period - Off-side.
11:58 of 1st period - Anders Lee wins face-off versus Ryan Nugent-Hopkins in neutral zone.
12:00 of 1st period - Off-side.
12:01 of 1st period - Anders Lee wins face-off versus Daultan Leveillé in neutral zone.
12:04 of 1st period - Slapshot by David Ullstrom.
12:04 of 1st period - Shot Misses the Net.
12:06 of 1st period - Wrist shot by Vladimir Zharkov.
12:06 of 1st period - Shot Misses the Net.
12:12 of 1st period - Slapshot by Vladimir Zharkov.
12:12 of 1st period - Deflect By David Ullstrom.
12:12 of 1st period - Stopped by Jake Allen with a rebound.
12:14 of 1st period - Snap shot by Anders Lee.
12:14 of 1st period - Stopped by Jake Allen with a rebound.
12:16 of 1st period - Snap shot by Colby Robak.
12:16 of 1st period - Goal by Colby Robak - Thunder : 1 - Inferno : 3.
12:17 of 1st period - Jay Beagle wins face-off versus Anders Lee in neutral zone.
12:56 of 1st period - Slapshot by Scott Parse.
12:56 of 1st period - Stopped by Michael Hutchinson without a rebound.
12:57 of 1st period - Victor Rask wins face-off versus Ryan Nugent-Hopkins in Inferno zone.
12:57 of 1st period - Victor Rask is hit by Mike Hoffman.
13:23 of 1st period - Cam Atkinson is hit by David Ullstrom and loses puck.
13:31 of 1st period - Off-side.
13:32 of 1st period - Daultan Leveillé wins face-off versus Cal O'Reilly in neutral zone.
13:37 of 1st period - Snap shot by Adam Hall.
13:37 of 1st period - Stopped by Michael Hutchinson without a rebound.
13:38 of 1st period - Scott Parse wins face-off versus Cal O'Reilly in Inferno zone.
13:39 of 1st period - Wrist shot by Adam Hall.
13:39 of 1st period - Stopped by Michael Hutchinson without a rebound.
13:40 of 1st period - Cal O'Reilly wins face-off versus Daultan Leveillé in Inferno zone.
14:14 of 1st period - Snap shot by Victor Rask.
14:14 of 1st period - Goal by Victor Rask - Thunder : 1 - Inferno : 4.
14:14 of 1st period - Devan Dubnyk enters game.
14:15 of 1st period - Anders Lee wins face-off versus Jay Beagle in neutral zone.
14:23 of 1st period - Minor Penalty to Joey Ryan for Interference.
14:24 of 1st period - Anders Lee wins face-off versus Cam Atkinson in Thunder zone.
14:24 of 1st period - Snap shot by David Ullstrom.
14:24 of 1st period - Shot Blocked by David Fischer.
14:26 of 1st period - Minor Penalty to Anders Lee for Roughing.
14:27 of 1st period - Tanner Pearson wins face-off versus Cam Atkinson in Inferno zone.
14:32 of 1st period - Snap shot by Cam Atkinson.
14:32 of 1st period - Stopped by Michael Hutchinson without a rebound.
14:33 of 1st period - Cam Atkinson wins face-off versus Tanner Pearson in Inferno zone.
15:14 of 1st period - Backhand shot by Scott Parse.
15:14 of 1st period - Stopped by Michael Hutchinson with a rebound.
16:20 of 1st period - Snap shot by Cal O'Reilly.
16:20 of 1st period - Goal by Cal O'Reilly - Thunder : 1 - Inferno : 5.
16:21 of 1st period - Dany Roussin wins face-off versus Tanner Pearson in neutral zone.
16:23 of 1st period - Penalty to Joey Ryan is over, Joey Ryan is back on ice.
16:26 of 1st period - Penalty to Anders Lee is over, Anders Lee is back on ice.
16:32 of 1st period - Slapshot by Bryan Rust.
16:32 of 1st period - Shot Misses the Net.
16:34 of 1st period - Wrist shot by Anders Lee.
16:34 of 1st period - Shot Misses the Net.
16:46 of 1st period - Wrist shot by Cam Atkinson.
16:46 of 1st period - Shot Misses the Net.
17:02 of 1st period - Joey Ryan is hit by Bryan Rust and loses puck.
17:15 of 1st period - Snap shot by Bryan Rust.
17:15 of 1st period - Stopped by Devan Dubnyk without a rebound.
17:16 of 1st period - Philip Varone wins face-off versus Ryan Nugent-Hopkins in Thunder zone.
17:41 of 1st period - Peter Andersson is hit by Bryan Rust and loses puck.
17:56 of 1st period - Wrist shot by Tanner Pearson.
17:56 of 1st period - Goal by Tanner Pearson - Thunder : 1 - Inferno : 6.
17:57 of 1st period - Cam Atkinson wins face-off versus Anders Lee in neutral zone.
17:59 of 1st period - Off-side.
18:00 of 1st period - Jay Beagle wins face-off versus Anders Lee in neutral zone.
18:21 of 1st period - Minor Penalty to Simon Danis-Pepin for High sticking.
18:22 of 1st period - Cal O'Reilly wins face-off versus Jay Beagle in Inferno zone.
18:37 of 1st period - Snap shot by Cam Atkinson.
18:37 of 1st period - Shot Misses the Net.
Goals for this period are 1 for Thunder vs 6 for Inferno.
Shots for this period are 17 for Thunder vs 14 for Inferno.

2nd period


0:01 of 2nd period - Jay Beagle wins face-off versus Cal O'Reilly in neutral zone.
0:14 of 2nd period - Snap shot by Cam Atkinson.
0:14 of 2nd period - Goal by Cam Atkinson - Thunder : 2 - Inferno : 6.
0:15 of 2nd period - Bryan Rust wins face-off versus Daultan Leveillé in neutral zone.
0:20 of 2nd period - Slapshot by Colby Robak.
0:20 of 2nd period - Stopped by Devan Dubnyk with a rebound.
0:30 of 2nd period - Snap shot by Adam Hall.
0:30 of 2nd period - Stopped by Michael Hutchinson without a rebound.
0:31 of 2nd period - Jay Beagle wins face-off versus Anders Lee in Inferno zone.
0:38 of 2nd period - Snap shot by Dany Roussin.
0:38 of 2nd period - Shot Blocked by Sami Vatanen.
0:56 of 2nd period - Sami Vatanen is hit by Scott Parse and loses puck.
1:29 of 2nd period - Minor Penalty to Simon Danis-Pepin for Holding.
1:30 of 2nd period - Dany Roussin wins face-off versus Cal O'Reilly in Inferno zone.
2:02 of 2nd period - Slapshot by Joey Ryan.
2:02 of 2nd period - Shot Blocked by Colby Robak.
2:04 of 2nd period - Snap shot by Scott Parse.
2:04 of 2nd period - Deflect By Adam Hall.
2:04 of 2nd period - Shot Misses the Net.
2:04 of 2nd period - Puck is out of play.
2:05 of 2nd period - Philip Varone wins face-off versus Daultan Leveillé in Inferno zone.
3:29 of 2nd period - Penalty to Simon Danis-Pepin is over, Simon Danis-Pepin is back on ice.
3:54 of 2nd period - Off-side.
3:55 of 2nd period - Victor Rask wins face-off versus Joe Labate in neutral zone.
4:49 of 2nd period - Snap shot by Jay Beagle.
4:49 of 2nd period - Shot Blocked by Mathieu Brodeur.
5:22 of 2nd period - Joey Ryan is hit by Simon Danis-Pepin and loses puck.
5:35 of 2nd period - Wrist shot by David Ullstrom.
5:35 of 2nd period - Goal by David Ullstrom - Thunder : 2 - Inferno : 7.
5:36 of 2nd period - Cal O'Reilly wins face-off versus Cam Atkinson in neutral zone.
6:02 of 2nd period - Vladimir Zharkov is hit by Joey Ryan and loses puck.
6:11 of 2nd period - Slapshot by Scott Parse.
6:11 of 2nd period - Goal by Scott Parse - Thunder : 3 - Inferno : 7.
6:12 of 2nd period - Jay Beagle wins face-off versus Cal O'Reilly in neutral zone.
6:39 of 2nd period - Scott Parse is hit by Colby Robak and loses puck.
7:00 of 2nd period - Snap shot by Victor Rask.
7:00 of 2nd period - Stopped by Devan Dubnyk with a rebound.
7:18 of 2nd period - Matthew Nieto is hit by Zach Redmond and loses puck.
7:46 of 2nd period - Zach Redmond is hit by Cal O'Reilly and loses puck.
8:07 of 2nd period - Snap shot by David Ullstrom.
8:07 of 2nd period - Stopped by Devan Dubnyk with a rebound.
8:09 of 2nd period - Slapshot by Mathieu Brodeur.
8:09 of 2nd period - Stopped by Devan Dubnyk with a rebound.
8:11 of 2nd period - Backhand shot by Anders Lee.
8:11 of 2nd period - Shot Misses the Net.
8:23 of 2nd period - Gianluca Curcuruto is hit by Victor Rask and loses puck.
8:53 of 2nd period - Slapshot by Colby Robak.
8:53 of 2nd period - Stopped by Devan Dubnyk without a rebound.
8:54 of 2nd period - Bryan Rust wins face-off versus Jay Beagle in Thunder zone.
9:01 of 2nd period - Wrist shot by Cal O'Reilly.
9:01 of 2nd period - Shot Misses the Net.
9:03 of 2nd period - Wrist shot by Bryan Rust.
9:03 of 2nd period - Shot Misses the Net.
9:05 of 2nd period - Slapshot by Christian Folin.
9:05 of 2nd period - Shot Blocked by Joey Ryan.
9:07 of 2nd period - Slapshot by Christian Folin.
9:07 of 2nd period - Stopped by Devan Dubnyk with a rebound.
9:09 of 2nd period - Snap shot by Simon Danis-Pepin.
9:09 of 2nd period - Shot Misses the Net.
9:11 of 2nd period - Snap shot by Bryan Rust.
9:11 of 2nd period - Shot Misses the Net.
9:13 of 2nd period - Snap shot by Simon Danis-Pepin.
9:13 of 2nd period - Shot Blocked by Joey Ryan.
9:49 of 2nd period - Zach Redmond is hit by Victor Rask and loses puck.
9:56 of 2nd period - Snap shot by Sami Vatanen.
9:56 of 2nd period - Shot Blocked by Peter Andersson.
10:00 of 2nd period - Snap shot by Esa Lindell.
10:00 of 2nd period - Stopped by Devan Dubnyk with a rebound.
10:30 of 2nd period - David Ullstrom is hit by Jay Beagle and loses puck.
10:49 of 2nd period - Scott Parse is hit by Christian Folin and loses puck.
10:56 of 2nd period - Simon Danis-Pepin is hit by Adam Hall and loses puck.
11:15 of 2nd period - Wrist shot by Victor Rask.
11:15 of 2nd period - Stopped by Devan Dubnyk without a rebound.
11:16 of 2nd period - Thomas Spelling wins face-off versus Anders Lee in Thunder zone.
11:16 of 2nd period - Thomas Spelling is hit by Anders Lee.
11:24 of 2nd period - Slapshot by Thomas Spelling.
11:24 of 2nd period - Shot Misses the Net.
11:26 of 2nd period - Snap shot by Brandon Saad.
11:26 of 2nd period - Shot Misses the Net.
11:28 of 2nd period - Slapshot by Joey Ryan.
11:28 of 2nd period - Shot Blocked by David Ullstrom.
11:48 of 2nd period - Snap shot by Thomas Spelling.
11:48 of 2nd period - Stopped by Michael Hutchinson with a rebound.
11:50 of 2nd period - Snap shot by Brandon Saad.
11:50 of 2nd period - Goal by Brandon Saad - Thunder : 4 - Inferno : 7.
11:51 of 2nd period - Cal O'Reilly wins face-off versus Jay Beagle in neutral zone.
12:23 of 2nd period - Snap shot by Vladimir Zharkov.
12:23 of 2nd period - Shot Hit the Post.
12:25 of 2nd period - Wrist shot by David Ullstrom.
12:25 of 2nd period - Shot Misses the Net.
12:57 of 2nd period - Snap shot by David Fischer.
12:57 of 2nd period - Goal by David Fischer - Thunder : 5 - Inferno : 7.
12:58 of 2nd period - Jay Beagle wins face-off versus Anders Lee in neutral zone.
13:25 of 2nd period - Matt Kassian is hit by Zach Redmond and loses puck.
13:49 of 2nd period - Off-side.
13:50 of 2nd period - Anders Lee wins face-off versus Jay Beagle in neutral zone.
13:59 of 2nd period - Jay Beagle is hit by Vladimir Zharkov and loses puck.
14:16 of 2nd period - Matt Kassian is hit by Daultan Leveillé and loses puck.
14:23 of 2nd period - Snap shot by Adam Hall.
14:23 of 2nd period - Shot Misses the Net.
16:07 of 2nd period - Slapshot by Philip Varone.
16:07 of 2nd period - Shot Blocked by Scott Parse.
16:44 of 2nd period - Off-side.
16:45 of 2nd period - Victor Rask wins face-off versus Jay Beagle in neutral zone.
16:56 of 2nd period - Wrist shot by Esa Lindell.
16:56 of 2nd period - Shot Blocked by Joey Ryan.
17:02 of 2nd period - Mathieu Brodeur is hit by Jay Beagle.
17:03 of 2nd period - Icing by Mathieu Brodeur.
17:04 of 2nd period - Victor Rask wins face-off versus Ryan Nugent-Hopkins in Inferno zone.
17:04 of 2nd period - Victor Rask is hit by Mike Hoffman.
17:18 of 2nd period - Snap shot by Esa Lindell.
17:18 of 2nd period - Deflect By Victor Rask.
17:18 of 2nd period - Goal by Victor Rask - Thunder : 5 - Inferno : 8.
17:18 of 2nd period - Jake Allen enters game.
17:19 of 2nd period - Dany Roussin wins face-off versus Anders Lee in neutral zone.
17:28 of 2nd period - Snap shot by Cam Atkinson.
17:28 of 2nd period - Shot Misses the Net.
17:30 of 2nd period - Slapshot by Cam Atkinson.
17:30 of 2nd period - Stopped by Michael Hutchinson with a rebound.
17:32 of 2nd period - Slapshot by Joey Ryan.
17:32 of 2nd period - Stopped by Michael Hutchinson without a rebound.
17:33 of 2nd period - Jay Beagle wins face-off versus Cal O'Reilly in Inferno zone.
17:41 of 2nd period - Minor Penalty to Sami Vatanen for Boarding.
17:42 of 2nd period - Jay Beagle wins face-off versus Cal O'Reilly in Inferno zone.
18:08 of 2nd period - David Ullstrom is hit by David Fischer and loses puck.
19:33 of 2nd period - Wrist shot by Zach Redmond.
19:33 of 2nd period - Stopped by Michael Hutchinson with a rebound.
19:35 of 2nd period - Slapshot by Thomas Spelling.
19:35 of 2nd period - Shot Misses the Net.
19:37 of 2nd period - Slapshot by Peter Andersson.
19:37 of 2nd period - Shot Blocked by Greg Pateryn.
19:39 of 2nd period - Slapshot by Thomas Spelling.
19:39 of 2nd period - Shot Misses the Net.
19:41 of 2nd period - Penalty to Sami Vatanen is over, Sami Vatanen is back on ice.
19:41 of 2nd period - Slapshot by Thomas Spelling.
19:41 of 2nd period - Deflect By Nikolay Prokhorkin.
19:41 of 2nd period - Stopped by Michael Hutchinson with a rebound.
19:43 of 2nd period - Snap shot by Thomas Spelling.
19:43 of 2nd period - Goal by Thomas Spelling - Thunder : 6 - Inferno : 8.
19:44 of 2nd period - Dany Roussin wins face-off versus Victor Rask in neutral zone.
19:47 of 2nd period - Colby Robak is hit by Peter Andersson and loses puck.
Goals for this period are 5 for Thunder vs 2 for Inferno.
Shots for this period are 11 for Thunder vs 10 for Inferno.

3rd period


0:01 of 3rd period - Anders Lee wins face-off versus Dany Roussin in neutral zone.
0:53 of 3rd period - Slapshot by Christian Folin.
0:53 of 3rd period - Shot Blocked by Zach Redmond.
1:09 of 3rd period - Icing by Peter Andersson.
1:10 of 3rd period - Joe Labate wins face-off versus Philip Varone in Thunder zone.
1:15 of 3rd period - Philip Varone is hit by Jay Beagle and loses puck.
2:04 of 3rd period - Snap shot by Matt Kassian.
2:04 of 3rd period - Stopped by Jake Allen without a rebound.
2:05 of 3rd period - Bryan Rust wins face-off versus Jay Beagle in Thunder zone.
2:14 of 3rd period - Snap shot by Cal O'Reilly.
2:14 of 3rd period - Shot Misses the Net.
2:18 of 3rd period - Wrist shot by Cal O'Reilly.
2:18 of 3rd period - Stopped by Jake Allen without a rebound.
2:19 of 3rd period - Anders Lee wins face-off versus Jay Beagle in Thunder zone.
2:26 of 3rd period - Slapshot by David Ullstrom.
2:26 of 3rd period - Stopped by Jake Allen with a rebound.
2:28 of 3rd period - Snap shot by Anders Lee.
2:28 of 3rd period - Shot Hit the Post.
2:30 of 3rd period - Wrist shot by David Ullstrom.
2:30 of 3rd period - Stopped by Jake Allen with a rebound.
2:32 of 3rd period - Backhand shot by Christian Folin.
2:32 of 3rd period - Shot Blocked by David Fischer.
3:11 of 3rd period - Mike Hoffman is hit by Tanner Pearson and loses puck.
4:07 of 3rd period - Wrist shot by Anders Lee.
4:07 of 3rd period - Shot Misses the Net.
4:09 of 3rd period - Snap shot by Cal O'Reilly.
4:09 of 3rd period - Shot Misses the Net.
4:11 of 3rd period - Slapshot by Greg Pateryn.
4:11 of 3rd period - Stopped by Jake Allen without a rebound.
4:12 of 3rd period - Daultan Leveillé wins face-off versus Matt Kassian in Thunder zone.
4:37 of 3rd period - Dany Roussin is hit by Simon Danis-Pepin and loses puck.
4:42 of 3rd period - Wrist shot by David Ullstrom.
4:42 of 3rd period - Stopped by Jake Allen with a rebound.
5:44 of 3rd period - Snap shot by David Ullstrom.
5:44 of 3rd period - Stopped by Jake Allen with a rebound.
5:46 of 3rd period - Backhand shot by Mathieu Brodeur.
5:46 of 3rd period - Stopped by Jake Allen without a rebound.
5:47 of 3rd period - Daultan Leveillé wins face-off versus Anders Lee in Thunder zone.
5:47 of 3rd period - Daultan Leveillé is hit by Vladimir Zharkov.
5:57 of 3rd period - Snap shot by Adam Hall.
5:57 of 3rd period - Stopped by Michael Hutchinson with a rebound.
5:59 of 3rd period - Snap shot by Scott Parse.
5:59 of 3rd period - Stopped by Michael Hutchinson without a rebound.
6:00 of 3rd period - Anders Lee wins face-off versus Daultan Leveillé in Inferno zone.
6:30 of 3rd period - David Fischer is hit by Matt Kassian and loses puck.
6:45 of 3rd period - Joe Labate is hit by Colby Robak and loses puck.
7:14 of 3rd period - Minor Penalty to Peter Andersson for Hooking.
7:15 of 3rd period - Cam Atkinson wins face-off versus Anders Lee in Thunder zone.
8:23 of 3rd period - Slapshot by Philip Varone.
8:23 of 3rd period - Shot Misses the Net.
8:25 of 3rd period - Snap shot by Tanner Pearson.
8:25 of 3rd period - Stopped by Jake Allen with a rebound.
8:27 of 3rd period - Backhand shot by Philip Varone.
8:27 of 3rd period - Shot Misses the Net.
8:44 of 3rd period - Wrist shot by Sami Vatanen.
8:44 of 3rd period - Shot Misses the Net.
8:46 of 3rd period - Slapshot by Sami Vatanen.
8:46 of 3rd period - Shot Misses the Net.
8:48 of 3rd period - Snap shot by Colby Robak.
8:48 of 3rd period - Shot Misses the Net.
8:50 of 3rd period - Slapshot by Sami Vatanen.
8:50 of 3rd period - Stopped by Jake Allen without a rebound.
8:51 of 3rd period - Anders Lee wins face-off versus Cam Atkinson in Thunder zone.
9:04 of 3rd period - David Fischer is hit by Greg Pateryn and loses puck.
9:14 of 3rd period - Penalty to Peter Andersson is over, Peter Andersson is back on ice.
9:23 of 3rd period - Snap shot by David Ullstrom.
9:23 of 3rd period - Shot Blocked by Joey Ryan.
9:25 of 3rd period - Snap shot by Greg Pateryn.
9:25 of 3rd period - Shot Misses the Net.
9:27 of 3rd period - Slapshot by Greg Pateryn.
9:27 of 3rd period - Stopped by Jake Allen without a rebound.
9:28 of 3rd period - Cal O'Reilly wins face-off versus Daultan Leveillé in Thunder zone.
9:49 of 3rd period - Minor Penalty to Daultan Leveillé for Hooking.
9:50 of 3rd period - Cam Atkinson wins face-off versus Anders Lee in Thunder zone.
10:01 of 3rd period - Icing by David Ullstrom.
10:02 of 3rd period - Cam Atkinson wins face-off versus Anders Lee in Inferno zone.
10:20 of 3rd period - Slapshot by Colby Robak.
10:20 of 3rd period - Stopped by Jake Allen with a rebound.
10:22 of 3rd period - Slapshot by Sami Vatanen.
10:22 of 3rd period - Stopped by Jake Allen without a rebound.
10:23 of 3rd period - Philip Varone wins face-off versus Cam Atkinson in Thunder zone.
10:34 of 3rd period - Slapshot by Sami Vatanen.
10:34 of 3rd period - Goal by Sami Vatanen - Thunder : 6 - Inferno : 9.
10:35 of 3rd period - Jay Beagle wins face-off versus Anders Lee in neutral zone.
11:05 of 3rd period - Slapshot by Zach Redmond.
11:05 of 3rd period - Shot Blocked by Bryan Rust.
12:06 of 3rd period - Snap shot by Sami Vatanen.
12:06 of 3rd period - Shot Misses the Net.
12:08 of 3rd period - Slapshot by Vladimir Zharkov.
12:08 of 3rd period - Shot Misses the Net.
12:10 of 3rd period - Wrist shot by David Ullstrom.
12:10 of 3rd period - Shot Hit the Post.
12:12 of 3rd period - Slapshot by Sami Vatanen.
12:12 of 3rd period - Stopped by Jake Allen without a rebound.
12:13 of 3rd period - Daultan Leveillé wins face-off versus Anders Lee in Thunder zone.
12:13 of 3rd period - Daultan Leveillé is hit by Simon Danis-Pepin.
12:19 of 3rd period - Daultan Leveillé is hit by Simon Danis-Pepin and loses puck.
13:40 of 3rd period - Wrist shot by Scott Parse.
13:40 of 3rd period - Stopped by Michael Hutchinson without a rebound.
13:41 of 3rd period - Daultan Leveillé wins face-off versus Anders Lee in Inferno zone.
13:54 of 3rd period - Adam Hall is hit by Vladimir Zharkov and loses puck.
14:02 of 3rd period - Off-side.
14:03 of 3rd period - Dany Roussin wins face-off versus Cal O'Reilly in neutral zone.
15:18 of 3rd period - Snap shot by Philip Varone.
15:18 of 3rd period - Shot Misses the Net.
15:20 of 3rd period - Wrist shot by Simon Danis-Pepin.
15:20 of 3rd period - Deflect By Philip Varone.
15:20 of 3rd period - Stopped by Jake Allen without a rebound.
15:21 of 3rd period - Cam Atkinson wins face-off versus Anders Lee in Thunder zone.
15:46 of 3rd period - Cal O'Reilly is hit by Daultan Leveillé and loses puck.
16:07 of 3rd period - Snap shot by Tanner Pearson.
16:07 of 3rd period - Shot Misses the Net.
16:55 of 3rd period - Snap shot by Cam Atkinson.
16:55 of 3rd period - Shot Blocked by Anders Lee.
16:57 of 3rd period - Snap shot by Cam Atkinson.
16:57 of 3rd period - Stopped by Michael Hutchinson with a rebound.
16:59 of 3rd period - Slapshot by Cam Atkinson.
16:59 of 3rd period - Goal by Cam Atkinson - Thunder : 7 - Inferno : 9.
17:00 of 3rd period - Mike Hoffman wins face-off versus Victor Rask in neutral zone.
17:15 of 3rd period - Peter Andersson is hit by Sami Vatanen and loses puck.
17:23 of 3rd period - Icing by Mike Hoffman.
17:24 of 3rd period - Anders Lee wins face-off versus Ryan Nugent-Hopkins in Thunder zone.
17:24 of 3rd period - Christian Folin is hit by Mike Hoffman and loses puck.
17:59 of 3rd period - Snap shot by Cam Atkinson.
17:59 of 3rd period - Shot Blocked by Christian Folin.
18:01 of 3rd period - Wrist shot by Dany Roussin.
18:01 of 3rd period - Deflect By Cam Atkinson.
18:01 of 3rd period - Shot Misses the Net.
18:01 of 3rd period - Puck is out of play.
18:02 of 3rd period - Anders Lee wins face-off versus Daultan Leveillé in Inferno zone.
18:12 of 3rd period - Minor Penalty to David Ullstrom for Holding.
18:13 of 3rd period - Jay Beagle wins face-off versus Cal O'Reilly in Inferno zone.
Goals for this period are 1 for Thunder vs 1 for Inferno.
Shots for this period are 5 for Thunder vs 16 for Inferno.